 Dungeon Sprint DCSS version 0.29-a0-563-g64e4043184 (webtiles) character file.

Game seed: 1467232896021363002

75 mhtbhm the Ruffian (level 4, -11/52 HPs)
             Began as a Minotaur Transmuter on June 11, 2022.
             Mangled by an ice beast (13 damage)
             ... in the Dungeon (Sprint IX: "|||||||||||||||||||||||||||||").
             The game lasted 00:00:26 (59 turns).

mhtbhm the Ruffian (Minotaur Transmuter)              Turns: 59, Time: 00:00:27

Health: -11/52     AC:  2    Str: 17    XL:     4   Next: 11%
Magic:  3/7        EV: 12    Int: 10    God:
Gold:   0          SH:  0    Dex: 10    Spells: 7/8 levels left

rFire   . . .      SeeInvis .     - Unarmed
rCold   . . .      Faith    .   (no shield)
rNeg    . . .      Spirit   .   a - +0 robe
rPois   .          Reflect  .   (helmet currently unavailable)
rElec   .          Harm     .   (no cloak)
rCorr   .          Rampage  .   (no gloves)
Will    .....      NoTele   +   (boots currently unavailable)
Stlth   ..........              (no amulet)
HPRegen 0.17/turn               (no ring)
MPRegen 0.10/turn               (no ring)

@: berserking, appendages (expiring), very quick
A: talons 2, horns 2, retaliatory headbutt
a: End Transformation


You were in the Dungeon.
You had temporarily grown beastly talons.
You visited 1 branch

Inventory:

Armour
 a - a +0 robe (worn)
Scrolls
 h - a scroll of blinking
Potions
 b - a potion of lignification
 e - a potion of haste
 f - 2 potions of magic


   Skills:
 + Level 1.3 Fighting
 + Level 3.9 Dodging
 + Level 7.1 Unarmed Combat
 + Level 2.8 Spellcasting
 + Level 3.0 Transmutations


You had 7 spell levels left.
You knew the following spells:

 Your Spells              Type           Power      Damage    Failure   Level
a - Beastly Appendage     Tmut           14%        N/A       9%          1

Your spell library contained the following spells:

 Spells                   Type           Power      Damage    Failure   Level
 Wereblood                Tmut           7%         N/A       13%         2
 Spider Form              Tmut/Pois      4%         N/A       43%         3
 Ice Form                 Ice/Tmut       4%         N/A       83%         4


Dungeon Overview and Level Annotations

Branches:
Dungeon (1/1)

Altars:


Innate Abilities, Weirdness & Mutations

You have temporarily grown beastly talons.
You have a pair of horns on your head.
You reflexively headbutt those who attack you in melee.


Message History

The adder bites you but does no damage.
You closely miss the adder. The adder bites you.
Casting: Beastly Appendage (safe; 9% risk of failure)
Confirm with . or Enter, or press ? or * to list all spells.
Your feet morph into talons.
Your transformation is almost over.
The adder bites you.
You are poisoned.
The adder poisons you!
Unknown command.
You punch the adder!
The adder is almost dead.
You feel sick. The adder closely misses you.
A red film seems to cover your vision as you go berserk!
You feel yourself moving faster!
You feel mighty!
You feel sick. The adder barely misses you.
You closely miss the adder. You headbutt the adder.
You kill the adder!
You feel sick.
Your Unarmed Combat skill increases to level 7!
Your Transmutations skill increases to level 3!
You have reached level 4!
You feel stronger.
You punch the quokka!
You kill the quokka!
You feel sick.
Unknown command.
The ice beast hits you. The ice beast freezes you!
* * * LOW HITPOINT WARNING * * *
There is an open door, spattered with blood here.
You punch the ice beast! Your kick misses the ice beast.
The ice beast is severely wounded.
You feel sick.
You are no longer poisoned.
You barely miss the ice beast. You claw the ice beast.
The ice beast is severely wounded.
The ice beast hits you.
* * * LOW HITPOINT WARNING * * *
The ice beast freezes you!
You die... ▓▓▓▓▓▓▓▓▓▓▓▓▓▓▓▓▓▓ +....Y@....††...<▓ ▓▓▓▓▓▓▓▓▓▓▓▓▓▓▓▓▓▓

You could see an ice beast.

Vanquished Creatures
  A hound (D)
  An iguana (D)
  An adder (D)
  A bat (D)
  3 giant cockroaches (D)
  A hobgoblin (D)
  A quokka (D)
9 creatures vanquished.

Notes
Turn   | Place    | Note
-------+----------+-------------------------------------------
     0 | D        | mhtbhm the Minotaur Transmuter began the quest for the Orb.
     0 | D        | Reached XP level 1. HP: 16/16 MP: 1/1
    10 | D        | Reached skill level 4 in Unarmed Combat
    33 | D        | Noticed an ice beast
    33 | D        | Noticed a hound
    33 | D        | Noticed an iguana
    39 | D        | Killed an iguana
    40 | D        | Reached skill level 5 in Unarmed Combat
    40 | D        | Reached XP level 2. HP: 23/23 MP: 2/4
    40 | D        | Reached XP level 3. HP: 28/28 MP: 2/5
    50 | D        | Reached skill level 6 in Unarmed Combat
    56 | D        | Reached skill level 7 in Unarmed Combat
    56 | D        | Reached XP level 4. HP: 21/35 MP: 3/7
    59 | D        | HP: 2/52 [ice beast (2)]
    59 | D        | Mangled by an ice beast

Illustrated notes

Levels and vault maps discovered:
D:        linesprint [early_d, line_temple, items_1, d_10, items_2, lair_1,
          lair_end, items_3, orc_1, orc_end, items_4, d_15, swamp_1, shoals_1,
          snake_1, spider_1, d_20, vaults_1, items_5, swamp_end, shoals_end,
          snake_end, spider_end, vaults_end, d_27, items_6, zot_1, zot_end,
          crypt_end, forest_end, elf_end, slime_end, tomb_end, abyss_end,
          pan_hell_end]

Skill      XL: |  1  2  3 |
---------------+----------+-----
Unarmed Combat | 5 7 |  7.1
Transmutations | 2 3 |  3.0
Dodging        | 3 |  3.9
Spellcasting   | 2 |  2.8
Fighting       | |  1.3

Action                   |  1- 3 |  4- 6 || total
-------------------------+-------+-------++-------
Melee: Unarmed           |    27 |     3 ||    30
       Kick              |     5 |     1 ||     6
       Headbutt          |     5 |       ||     5
 Cast: Beastly Appendage |     3 |       ||     3
  Use: Potion            |     3 |       ||     3
Armor: Robe              |     5 |       ||     5
Dodge: Dodged            |    14 |       ||    14

Table legend: (Time is in decaauts)
 A = Elapsed time spent in this place.
 B = Non-inter-level travel time spent in this place.
 C = Inter-level travel time spent in this place.
 D = Time resting spent in this place.
 E = Time spent auto-exploring this place.
 F = Levels seen in this place.
 G = Mean time per level.
                   A        B        C        D        E       F      G
               +--------+--------+--------+--------+--------+-----+--------+
         Total |     54 |     54 |      0 |      9 |      0 |   1 |   54.0 |
       Dungeon |     54 |     54 |      0 |      9 |      0 |   1 |   54.0 |
               +--------+--------+--------+--------+--------+-----+--------+

Top non-repeatable levels by time:
       D: 54 daAuts
